 Dungeon Crawl Stone Soup version 0.20-a0-201-g851c6fa (webtiles) character file.

210 patrickswayze the Sneak (level 5, 0/31 HPs)
             Began as a Deep Elf Chaos Knight on Nov 25, 2016.
             Slain by a gnoll
             ... wielding a +0 spear
              (5 damage)
             ... on level 4 of the Dungeon.
             The game lasted 00:05:13 (3034 turns).

patrickswayze the Sneak (Deep Elf Chaos Knight)     Turns: 3034, Time: 00:05:14

Health: 0/31       AC:  6    Str:  9    XL:     5   Next: 56%
Magic:  7/7        EV: 17    Int: 22    God:    Xom [*.....]
Gold:   135        SH:  0    Dex: 20    Spells: 4/4 levels left

rFire  . . .     SeeInvis .     a - +1 short sword (chaos)
rCold  . . .     Gourm    .     b - +3 leather armour
rNeg   . . .     Faith    .     (no shield)
rPois  .         Spirit   .     (no helmet)
rElec  .         Reflect  .     (no cloak)
rCorr  .         Harm     .     (no gloves)
MR     .....                    (no boots)
Stlth  +++++.....               (no amulet)
                                (no ring)
                                (no ring)

@: brilliant, agile
A: no striking features
a: Renounce Religion


You were on level 4 of the Dungeon.
You worshipped Xom.
You were a special plaything of Xom.
You were not hungry.

You visited 1 branch of the dungeon, and saw 4 of its levels.

You collected 135 gold pieces.


   Skills:
 - Level 2.4 Fighting
 - Level 3.0 Short Blades
 - Level 0.7 Armour
 - Level 2.4 Dodging
 + Level 7.2 Stealth


You had 4 spell levels left.
You didn't know any spells.

Inventory:

Hand Weapons
 a - a +1 short sword of chaos (weapon)
 d - a +0 blowgun
Missiles
 g - 15 poisoned needles
Armour
 b - a +3 leather armour (worn)
Jewellery
 p - an uncursed amulet of faith {!P}
Wands
 l - a wand of digging (9/24)
Scrolls
 h - 4 scrolls of identify
 k - a scroll of enchant armour
 n - a scroll of remove curse
Potions
 f - 2 potions of flight
Comestibles
 c - 4 bread rations
 j - 2 beef jerkies
 o - a slice of pizza
 r - a meat ration


Message History

The gnoll hits you from afar with a spear.
You barely miss the gnoll.
The gnoll is heavily wounded.
The gnoll hits you but does no damage.
The gnoll hits you from afar with a spear!
* * * LOW HITPOINT WARNING * * *
You hit the gnoll.
The gnoll is severely wounded.
The gnoll completely misses you. x2
Okay, then.
Evoke which item? (* to show all) (? for menu, Esc to quit)
Zapping:
l - a wand of digging (?/24) {zapped: 2} (will waste charges)
Press: ? - help, Shift-Dir - straight line The rock shatters into small pieces.
Evoking this partially-identified wand wasted a few charges.
A quokka comes into view.
The gnoll completely misses you.
The gnoll hits you from afar with a spear.
You die...
Xom howls with laughter!

......#####s5..~~~~~.
.........Z55...~~~~~~
......#.###...P~~~~~s
%..g. #.# #.....~~~.~
.... #g# #...#~7~~~.
... #g# #.#.P~~~s~.
.. #g# #..<.P~~~P. #
#g# ###...7.... #@#
#........ ##.#
######## ... ..r..
....... .......
....... .......


You could see 4 gnolls and a quokka.

Vanquished Creatures
  Ijyb (D:2)
  2 gnolls
  8 adders
  An ooze (D:3)
  An adder skeleton (D:4)
  2 worms (D:2)
  A dart slug (D:3)
  2 leopard geckos
  A ball python (D:3)
  5 bats
  5 giant cockroaches
  11 goblins
  6 hobgoblins
  7 jackals (D:1)
  A quokka (D:1)
  2 frilled lizards
  10 kobolds
  5 rats
71 creatures vanquished.

Vanquished Creatures (collateral kills)
  A hobgoblin (D:2)
1 creature vanquished.

Vanquished Creatures (others)
  A bat (D:3)
1 creature vanquished.

Grand Total: 73 creatures vanquished

Notes
Turn   | Place    | Note
-------+----------+-------------------------------------------
     0 | D:1      | patrickswayze the Deep Elf Chaos Knight began the quest for the Orb.
     0 | D:1      | Reached XP level 1. HP: 13/13 MP: 3/3
    67 | D:1      | XOM: divination: magic mapping
    74 | D:1      | Reached skill level 1 in Stealth
   164 | D:1      | Reached skill level 2 in Stealth
   165 | D:1      | Reached XP level 2. HP: 18/18 MP: 4/4
   221 | D:1      | XOM: harmless Conj miscast
   298 | D:1      | Reached skill level 3 in Stealth
   307 | D:1      | HP: 3/18 [hobgoblin (1)]
   308 | D:1      | XOM: cast spell 'Summon Butterflies'
   706 | D:1      | XOM: confuse monster(s)
   709 | D:1      | XOM: polymorph jackal -> quokka
   744 | D:1      | HP: 3/18 [jackal (1)]
   748 | D:1      | Reached XP level 3. HP: 4/22 MP: 5/5
  1178 | D:2      | Reached skill level 4 in Stealth
  1352 | D:2      | Noticed Ijyb
  1377 | D:2      | Killed Ijyb
  1377 | D:2      | Reached skill level 5 in Stealth
  1377 | D:2      | Reached XP level 4. HP: 22/27 MP: 6/6
  1750 | D:2      | XOM is BORED!
  1831 | D:2      | Reached skill level 6 in Stealth
  1914 | D:2      | Reached XP level 5. HP: 31/31 MP: 7/7
  2155 | D:3      | Noticed a phantom
  2301 | D:3      | XOM: scenery: create altars
  2362 | D:3      | XOM: divination: detect items
  2363 | D:3      | HP: 5/31 [gnoll (2)]
  2634 | D:2      | XOM: cloud trail
  2933 | D:3      | Found a glowing drain.
  2980 | D:3      | XOM: scenery: create altars
  2986 | D:3      | Reached skill level 7 in Stealth
  3002 | D:4      | XOM: noise
  3008 | D:4      | XOM: summons 3 friendly demons
  3031 | D:4      | HP: 5/31 [gnoll/spear (8)]
  3034 | D:4      | Slain by a gnoll

Vault maps used:
D:1:      mrwooster_arrival_statue_2
D:2:      kennysheep_the_goblin_king
D:3:      portal_sewer_entry_a
D:4:      first_bread, serial_bayou_pond_b

Action                   |  1- 3 |  4- 6 || total
-------------------------+-------+-------++-------
Melee: Short sword       |   121 |   125 ||   246
Evoke: Wand              |       |     2 ||     2
  Use: Scroll            |       |    10 ||    10
       Potion            |       |     4 ||     4
 Stab: Sleeping          |     3 |     7 ||    10
  Eat: Chunk             |     1 |     6 ||     7
Armor: Leather armour    |    42 |    24 ||    66
Dodge: Dodged            |    61 |    80 ||   141
